 Dungeon Crawl Stone Soup version 0.29-a0-397-g846e4a0bbc (webtiles) character file.

Game seed: 10684284534663852426

116 sammy202020 the Skirmisher (level 4, 0/61 HPs)
             Began as a Minotaur Fighter on May 11, 2022.
             Succumbed to a scorpion's poison
             ... on level 2 of the Dungeon.
             The game lasted 00:02:04 (1390 turns).

sammy202020 the Skirmisher (Minotaur Fighter)       Turns: 1390, Time: 00:02:05

Health: 0/61       AC:  7    Str: 21    XL:     4   Next: 70%
Magic:  3/3        EV:  9    Int:  7    God:
Gold:   35         SH:  4    Dex:  9    Spells: 3/3 levels left

rFire   . . .      SeeInvis .   a - +0 war axe (vorpal)
rCold   . . .      Faith    .   c - +0 buckler
rNeg    . . .      Spirit   .   b - +0 scale mail
rPois   .          Reflect  .   (helmet restricted)
rElec   .          Harm     .   (no cloak)
rCorr   .          Rampage  .   (no gloves)
Will    .....                   (no boots)
Stlth   ..........              (no amulet)
HPRegen 0.20/turn               (no ring)
MPRegen 0.08/turn               (no ring)

@: berserking (expiring), lethally poisoned (0 -> -12), very quick
A: horns 2, retaliatory headbutt
a: no special abilities


You were on level 2 of the Dungeon.
You visited 1 branch of the dungeon, and saw 2 of its levels.

You collected 35 gold pieces.

Inventory:

Hand Weapons
 a - a +0 vorpal war axe (weapon)
Armour
 b - a +0 scale mail (worn)
 c - a +0 buckler (worn)
Scrolls
 e - a scroll of fog {unknown}
 k - a scroll of acquirement
Potions
 d - a potion of might
 g - a potion of attraction
 h - a potion of magic
 j - a potion of haste {unknown}


   Skills:
 * Level 4.5 Fighting
 * Level 3.8 Axes
 + Level 4.1 Armour
 + Level 1.5 Dodging
 + Level 4.2 Shields


You had 3 spell levels left.
You didn't know any spells.
Your spell library was empty.

Dungeon Overview and Level Annotations

Branches:
Dungeon (2/15)

Altars:


Innate Abilities, Weirdness & Mutations

You have a pair of horns on your head.
You reflexively headbutt those who attack you in melee.


Message History

You are too injured to fight recklessly!
You are too injured to fight recklessly!
You are too injured to fight recklessly!
You are too injured to fight recklessly!
You are too injured to fight recklessly!
You are too injured to fight recklessly!
You are too injured to fight recklessly!
You are too injured to fight recklessly!
Sorry, you're not good enough to have a special ability.
It was a potion of berserk rage.
A red film seems to cover your vision as you go berserk!
You feel yourself moving faster!
You feel mighty!
* * * LOW HITPOINT WARNING * * *
You feel very sick. The scorpion closely misses you.
Sorry, you're not good enough to have a special ability.
Unknown command.
You are too berserk!
You closely miss the scorpion.
The scorpion is almost dead.
* * * LOW HITPOINT WARNING * * *
You feel sick. The scorpion stings you.
* * * LOW HITPOINT WARNING * * *
You are lethally poisoned!
The scorpion poisons you!
You slash the scorpion!
You kill the scorpion!
* * * LOW HITPOINT WARNING * * *
You feel very sick.
Your Armour skill increases to level 4!
You have reached level 4!
You feel stronger.
You are too berserk!
* * * LOW HITPOINT WARNING * * *
You feel very sick.
Unknown command.
You feel a strong urge to attack something.
* * * LOW HITPOINT WARNING * * *
You feel sick.
You die...

# # ##########
######........####
.................#
######.#########@#########
#.# #...†...... #.#
########### ######.#
.......# ########


There were no monsters in sight!

Vanquished Creatures
  A scorpion (D:2)
  2 adders (D:2)
  2 dart slugs
  5 ball pythons
  3 endoplasms
  A giant cockroach (D:1)
  7 hobgoblins
  4 kobolds
  3 quokkas
  3 bats
  A frilled lizard (D:1)
  2 goblins
  2 rats
36 creatures vanquished.

Notes
Turn   | Place    | Note
-------+----------+-------------------------------------------
     0 | D:1      | sammy202020 the Minotaur Fighter began the quest for the
                  | Orb.
     0 | D:1      | Reached XP level 1. HP: 19/19 MP: 0/0
   241 | D:1      | Reached XP level 2. HP: 11/27 MP: 1/1
  1028 | D:1      | Identified a scroll of acquirement
  1054 | D:2      | Reached XP level 3. HP: 33/33 MP: 2/2
  1274 | D:2      | Reached skill level 1 in Dodging
  1309 | D:2      | Found a faded altar of an unknown god.
  1376 | D:2      | Noticed a scorpion
  1387 | D:2      | Killed a scorpion
  1388 | D:2      | Reached XP level 4. HP: 6/41 MP: 3/3
  1388 | D:2      | HP: 3/61 [poisoned by a scorpion]
  1390 | D:2      | Succumbed to a scorpion's poison

Illustrated notes

Levels and vault maps discovered:
D:1:      nzn_arrival_settlement, layout_rooms
D:2:      layout_loops_ring, chequers_ecumenical_altar_island

Skill      XL: |  1  2  3 |
---------------+----------+-----
Axes           | 3 |  3.8
Fighting       | 4 |  4.5
Shields        | 4 |  4.2
Dodging        | 1 |  1.5
Armour         | 4 |  4.1

Action                   |  1- 3 |  4- 6 || total
-------------------------+-------+-------++-------
Melee: War axe           |    75 |       ||    75
       Headbutt          |     6 |       ||     6
  Use: Scroll            |     5 |       ||     5
       Potion            |     1 |       ||     1
Armor: Scale mail        |    43 |       ||    43
Dodge: Dodged            |    32 |       ||    32
Block: Buckler           |    14 |       ||    14

Table legend: (Time is in decaauts)
 A = Elapsed time spent in this place.
 B = Non-inter-level travel time spent in this place.
 C = Inter-level travel time spent in this place.
 D = Time resting spent in this place.
 E = Time spent auto-exploring this place.
 F = Levels seen in this place.
 G = Mean time per level.
                   A        B        C        D        E       F      G
               +--------+--------+--------+--------+--------+-----+--------+
         Total |   1419 |   1419 |      0 |      0 |   1150 |   2 |  709.5 |
       Dungeon |   1419 |   1419 |      0 |      0 |   1150 |   2 |  709.5 |
               +--------+--------+--------+--------+--------+-----+--------+

Top non-repeatable levels by time:
     D:1: 1063 daAuts
     D:2: 356 daAuts
